 Dungeon Crawl Stone Soup version 0.21-a0-351-g38363bb (webtiles) character file.

15022 VirginKiller the Grappler (level 11, -8/91 HPs)
             Began as a Demigod Skald on Oct 8, 2017.
             Killed from afar by a gargoyle (19 damage)
             ... with a stone arrow
             ... in a volcano on Oct 9, 2017.
             The game lasted 01:58:37 (10935 turns).

VirginKiller the Grappler (Demigod Skald)          Turns: 10935, Time: 01:58:39

Health: -8/91      AC: 14    Str: 20    XL:     11   Next: 65%
Magic:  11/22      EV:  9    Int: 20    God:
Gold:   685        SH:  0    Dex: 15    Spells: 12/20 levels left

rFire    . . .     SeeInvis .     - Unarmed
rCold    x . .     Gourm    .   (no shield)
rNeg     + + +     Faith    .   w - +2 leather armour of Love and Death {rC- rN+++ MR- Int+3}
rPois    +         Spirit   .   d - +2 hat
rElec    .         Reflect  .   r - +2 cloak
rCorr    .         Harm     .   I - +2 pair of gloves
MR       .....                  z - +0 pair of boots
Stlth    +.........             (no amulet)
HPRegen  1.25/turn              j - ring of poison resistance
MPRegen  0.18/turn              (no ring)

@: infused, very slightly contaminated, regenerating (expiring), constricted
A: high mp 1
a: no special abilities


You were in a volcano.
You were not hungry.

You visited 2 branches of the dungeon, and saw 16 of its levels.
You also visited: Volcano.

You collected 685 gold pieces.

Inventory:

Hand Weapons
 a - a +0 blowgun
Missiles
 l - 2 steel tomahawks
 s - 55 poisoned needles
 E - 5 needles of sleeping
 H - 4 tomahawks (quivered)
Armour
 d - a +2 hat (worn)
 n - a +2 leather armour of cold resistance
 r - a +2 cloak (worn)
 w - the +2 leather armour of Love and Death (worn) {rC- rN+++ MR- Int+3}
   (You found it on level 5 of the Dungeon)

   It affects your intelligence (+3).
   It makes you vulnerable to cold.
   It renders you almost immune to negative energy.
   It affects your resistance to hostile enchantments.
 z - a +0 pair of boots (worn)
 I - a +2 pair of gloves (worn)
 N - a +0 large shield of positive energy
Magical Staves
 u - an uncursed staff of conjuration {unknown}
 v - an uncursed staff of earth {unknown}
 G - an uncursed staff of air {unknown}
Jewellery
 j - a ring of poison resistance (left hand)
Wands
 y - a wand of flame (20/48)
 K - a wand of flame (12/48)
Scrolls
 e - a scroll of recharging
 h - 3 scrolls of remove curse
 i - 4 scrolls of teleportation
 t - a scroll of silence {unknown}
 D - a scroll of fear {unknown}
 M - a scroll of brand weapon {unknown}
 P - a scroll of amnesia
 R - 2 scrolls of immolation {unknown}
Potions
 f - 3 potions of heal wounds
 m - 2 potions of curing
 p - 2 potions of lignification
 x - 3 potions of flight
 A - a potion of agility
 B - 3 potions of haste
 C - 2 potions of magic
 F - a potion of might
 J - a potion of brilliance {unknown}
 O - a potion of berserk rage
 Q - a potion of invisibility {unknown}
Comestibles
 c - 12 bread rations
 g - 5 royal jellies
 k - 4 meat rations
 L - 17 fruits


   Skills:
 - Level 6.4 Fighting
 * Level 9.2 Throwing
 - Level 0.8 Armour
 - Level 1.7 Dodging
 - Level 12.0 Unarmed Combat
 - Level 5.0 Spellcasting
 - Level 6.0 Charms


You had 12 spell levels left.
You knew the following spells:

 Your Spells              Type           Power        Failure   Level  Hunger
a - Infusion              Chrm           ####         1%          1    None
b - Song of Slaying       Chrm           ####....     1%          2    None
c - Shroud of Golubria    Chrm/Tloc      ###.......   6%          2    None
d - Regeneration          Chrm/Necr      ###.......   12%         3    ##.....


Dungeon Overview and Level Annotations

Branches:
Dungeon (11/15)            Temple (0/1) D:7            Lair (6/6) D:10
 Shoals (0/4) Lair:3        Slime (0/5) Lair:5
  Snake: Lair:2-4    Spider: Lair:2-4       Orc: D:9-12

Shops:
D:8 =

Annotations:
D:6 nwest treasure
D:11 Erica
Lair:2 fannar, Fannar


Innate Abilities, Weirdness & Mutations

You have an increased reservoir of magic. (+10% MP)


Message History

* * * LOW HITPOINT WARNING * * *
The naga skeleton hits you but does no damage.
You hit the gargoyle.
The gargoyle is severely damaged.
The naga skeleton hits you.
* * * LOW HITPOINT WARNING * * *
The naga skeleton constricts you.
You barely miss the gargoyle.
The gargoyle is severely damaged.
The gargoyle hits you with a flail!
* * * LOW HITPOINT WARNING * * *
The naga skeleton hits you.
* * * LOW HITPOINT WARNING * * *
You barely miss the gargoyle.
The gargoyle is severely damaged.
The naga skeleton hits you but does no damage.
The naga skeleton constricts you.
The gargoyle hurls a stone arrow at you.
The stone arrow hits you!
You die...

≈≈# §≈≈≈# ≈≈≈≈§## ###+#
≈§≈≈§§### ..⌠..#
≈≈§≈§...##########.....#
§≈≈....≈'...8....Z.....#
≈§§§≈...'.......@9..∩..+
≈≈.≈...§'...8....Z.....#
§§......##########.....+
.§...#### ..⌠..# ...###
##### .### ##


You could see a gargoyle and 2 naga skeletons.

Vanquished Creatures
  A two-headed ogre (D:9)
  Pikel (D:7)
  2 black mambas
  A gargoyle (Volcano)
  A spiny frog (Lair:1)
  2 rime drakes
  2 komodo dragons (Lair:3)
  A queen bee (Lair:1)
  A hippogriff (D:3)
  2 flying skulls (Volcano)
  A spriggan (D:8)
  A wyvern (Lair:3)
  A wraith (D:10)
  22 yaks
  A hungry ghost (D:10)
  Grum (D:8)
  A hell hound (D:10)
  2 water moccasins (Lair:1)
  4 porcupines
  6 ice beasts
  An orc warrior (D:6)
  2 necrophages
  3 phantoms
  2 black bears
  2 eyes of draining (D:9)
  3 ogres
  2 wolves (D:8)
  2 centaurs (D:5)
  4 crocodiles
  2 big kobolds
  9 bullfrogs
  A wyvern skeleton (D:9)
  5 scorpions
  32 killer bees
  10 wights
  6 howler monkeys
  A crimson imp (D:10)
  8 hounds
  A centaur skeleton (D:10)
  Crazy Yiuf (D:7)
  3 orc priests
  2 jellies
  5 orc wizards
  A bullfrog skeleton (D:11)
  7 worker ants
  An iguana (D:9)
  A killer bee zombie (D:8)
  A hound zombie (D:8)
  9 adders
  A shadow imp (D:10)
  2 oozes
  An adder zombie (D:7)
  An adder skeleton (D:7)
  A worm (D:4)
  5 leopard geckos
  25 orcs
  8 bats
  2 giant cockroaches
  5 goblins
  3 hobgoblins
  25 jackals
  8 quokkas
  3 ball pythons
  2 frilled lizards
  11 kobolds
  A leopard gecko skeleton (D:4)
  2 quokka skeletons (D:4)
  11 rats
  A fungus (Lair:3)
299 creatures vanquished.

Vanquished Creatures (others)
  A sky beast (D:7)
  2 slaves (D:7)
  A killer bee zombie (D:7)
4 creatures vanquished.

Grand Total: 303 creatures vanquished

Notes
Turn   | Place    | Note
-------+----------+-------------------------------------------
     0 | D:1      | VirginKiller the Demigod Skald began the quest for the Orb.
     0 | D:1      | Reached XP level 1. HP: 17/17 MP: 5/5
   143 | D:1      | Found a shattered altar of Ashenzari.
   199 | D:1      | Reached skill level 2 in Unarmed Combat
   349 | D:1      | Reached XP level 2. HP: 18/24 MP: 4/7
   542 | D:2      | Learned a level 2 spell: Song of Slaying
   549 | D:2      | Found a burning altar of Makhleb.
   675 | D:2      | Found a bloodstained altar of Trog.
  1033 | D:3      | Reached skill level 3 in Unarmed Combat
  1033 | D:3      | Reached XP level 3. HP: 24/29 MP: 4/8
  1229 | D:3      | Noticed a hippogriff
  1243 | D:3      | Killed a hippogriff
  1243 | D:3      | Reached skill level 4 in Unarmed Combat
  1243 | D:3      | Reached XP level 4. HP: 18/36 MP: 3/9
  1243 | D:3      | Reached XP level 5. HP: 21/41 MP: 3/10
  1835 | D:3      | Reached skill level 5 in Unarmed Combat
  1875 | D:3      | Reached XP level 6. HP: 39/48 MP: 0/11
  1997 | D:3      | Learned a level 2 spell: Shroud of Golubria
  2001 | D:3      | Learned a level 3 spell: Regeneration
  2604 | D:4      | Found an iron altar of Okawaru.
  2685 | D:4      | Found a bloodstained altar of Trog.
  2965 | D:5      | Entered Level 5 of the Dungeon
  3248 | D:5      | Reached skill level 6 in Unarmed Combat
  3381 | D:5      | Reached XP level 7. HP: 53/53 MP: 6/12
  3432 | D:5      | Reached skill level 5 in Charms
  3853 | D:5      | Got a fine leather armour
  3870 | D:5      | Identified the +2 leather armour of Love and Death {rC- rN+++ MR- Int+3} (You found it on level 5 of the Dungeon)
  3978 | D:5      | Reached skill level 7 in Unarmed Combat
  4433 | D:6      | Reached XP level 8. HP: 60/60 MP: 2/13
  4578 | D:6      | Reached skill level 8 in Unarmed Combat
  5082 | D:7      | Reached skill level 9 in Unarmed Combat
  5096 | D:7      | Noticed Pikel
  5116 | D:7      | Killed Pikel
  5116 | D:7      | Reached XP level 9. HP: 65/67 MP: 0/18
  5358 | D:7      | Found an opulent altar of Gozag.
  5358 | D:7      | Found a faded altar of an unknown god.
  5363 | D:7      | Found a faded altar of an unknown god.
  5365 | D:7      | Found a snail-covered altar of Cheibriados.
  5366 | D:7      | Found an ancient bone altar of Kikubaaqudgha.
  5390 | D:7      | Found a staircase to the Ecumenical Temple.
  5439 | D:7      | Reached skill level 10 in Unarmed Combat
  5526 | D:7      | Found a runed door.
  5532 | D:7      | Noticed Crazy Yiuf
  5540 | D:7      | Killed Crazy Yiuf
  5738 | D:8      | Noticed Grum
  5749 | D:8      | Killed Grum
  5977 | D:8      | Reached skill level 5 in Spellcasting
  6180 | D:8      | Found Iguege's Jewellery Shoppe.
  6216 | D:8      | Reached skill level 11 in Unarmed Combat
  6240 | D:8      | Found a basalt altar of Yredelemnul.
  6593 | D:9      | Noticed a two-headed ogre
  6612 | D:9      | Killed a two-headed ogre
  6612 | D:9      | Reached XP level 10. HP: 77/77 MP: 4/21
  7307 | D:10     | Entered Level 10 of the Dungeon
  7377 | D:10     | Reached skill level 12 in Unarmed Combat
  7590 | D:10     | Reached skill level 5 in Fighting
  7590 | D:10     | Reached skill level 1 in Throwing
  7995 | D:10     | Found a staircase to the Lair.
  8268 | D:11     | Noticed Erica
  8421 | Lair:1   | Entered Level 1 of the Lair of Beasts
  8917 | Lair:1   | Reached XP level 11. HP: 82/91 MP: 13/22
  9042 | Lair:2   | Noticed Fannar
  9100 | Lair:1   | Reached skill level 5 in Throwing
  9424 | Lair:1   | Upgraded the game from 0.21-a0-349-g0c35859 to 0.21-a0-351-g38363bb
 10223 | Lair:3   | Found a staircase to the Shoals.
 10668 | Lair:3   | You fall through a shaft for 3 floors!
 10668 | Lair:6   | Entered Level 6 of the Lair of Beasts
 10695 | Lair:5   | Found a dark tunnel.
 10727 | Volcano  | Entered a volcano
 10935 | Volcano  | Killed from afar by a gargoyle

Vault maps used:
D:1:      scummos_arrival_simple_fountains, ashenzari_altar_1
D:2:      bloody_makhleb, bloody_trog, first_bread
D:4:      kennysheep_okawaru_gauntlet, serial_bayou_ford_a, trog_butcher_becter
D:5:      cheibrodos_quashed
D:6:      due_unseen_surprise
D:7:      chequers_temple_overflow_minitemple, minmay_temple_entry_fiery,
          uniq_crazy_yiuf_cottage, uniq_pikel
D:8:      kennysheep_mini_moat, serial_shops, nicolae_shop_statue_plus,
          the_bakery, uniq_grum
D:9:      minivault_19
D:10:     minmay_lair_entry_lava
D:11:     uniq_erica
Lair:1:   special_room, serial_bayou_lake_a
Lair:2:   grunt_megastairs_5, uniq_fannar
Lair:3:   shoals_dummy_entry, lemuel_fruit_tree, lemuel_fruit_fields,
          lemuel_fruit_fields
Lair:5:   dpeg_slime_entry_corner, nicolae_volcano_entry_hallway, minivault_23
Lair:6:   grunt_lair_end_beastmaster, uniq_nessos
Volcano:  volcano_tomb

Skill      XL: |  1  2  3  4  5  6  7  8  9 10 11 |
---------------+----------------------------------+-----
Unarmed Combat | 2 3 4 5 6 7 9 11 12 | 12.0
Charms         | 3 4 5 6 |  6.0
Spellcasting   | 4 5 |  5.0
Fighting       | 3 6 |  6.4
Throwing       | 4 9 |  9.2
Armour         | |  0.8
Dodging        | |  1.7

Action                   |  1- 3 |  4- 6 |  7- 9 | 10-12 || total
-------------------------+-------+-------+-------+-------++-------
Melee: Unarmed           |    94 |   145 |   373 |   435 ||  1047
       Punch             |     1 |     3 |    23 |    19 ||    46
 Fire: Blowgun           |       |       |       |    97 ||    97
Throw: Tomahawk          |     5 |    17 |    16 |     6 ||    44
 Cast: Infusion          |    16 |    19 |    40 |    41 ||   116
       Song of Slaying   |     1 |     4 |     7 |     7 ||    19
       Shroud of Golubri |       |     7 |    26 |    17 ||    50
       Regeneration      |       |       |    12 |    43 ||    55
Evoke: Wand              |       |       |       |     2 ||     2
  Use: Potion            |     1 |       |     1 |     5 ||     7
       Scroll            |       |     3 |     5 |    11 ||    19
 Stab: Sleeping          |     1 |     1 |       |       ||     2
  Eat: Royal jelly       |     1 |       |       |     3 ||     4
       Chunk             |       |     7 |    12 |     7 ||    26
       Fruit             |       |       |     2 |     2 ||     4
       Meat ration       |       |       |       |     1 ||     1
Armor: Leather armour    |    34 |    33 |    94 |   127 ||   288
       Skin              |     9 |     2 |     1 |    24 ||    36
Dodge: Dodged            |    69 |   106 |   203 |   225 ||   603

Table legend:
 A = Spawn XP
 B = Non-spawn XP
 C = Spawn XP percentage of total XP
 D = Spawn monster count
 E = Non-spawn monster count
 F = Spawn count percentage of total count
 G = Total turns spent on level
                    A         B        C        D         E        F      G
               +---------+---------+-------+---------+---------+-------+---------
         Total |       0 |   21461 |   0.0 |       0 |     298 |   0.0 | 10935
               +---------+---------+-------+---------+---------+-------+---------
           D:1 |       0 |      17 |   0.0 |       0 |      11 |   0.0 |   538
           D:2 |       0 |      25 |   0.0 |       0 |      12 |   0.0 |   479
           D:3 |       0 |     416 |   0.0 |       0 |      32 |   0.0 |   988
           D:4 |       0 |     200 |   0.0 |       0 |      19 |   0.0 |   960
           D:5 |       0 |     761 |   0.0 |       0 |      24 |   0.0 |  1370
           D:6 |       0 |    1333 |   0.0 |       0 |      27 |   0.0 |   737
           D:7 |       0 |    1561 |   0.0 |       0 |      20 |   0.0 |   623
           D:8 |       0 |    2119 |   0.0 |       0 |      39 |   0.0 |   839
           D:9 |       0 |    2286 |   0.0 |       0 |      25 |   0.0 |   785
          D:10 |       0 |    2554 |   0.0 |       0 |      27 |   0.0 |  1058
          D:11 |       0 |      37 |   0.0 |       0 |       1 |   0.0 |    44
        Lair:1 |       0 |    4286 |   0.0 |       0 |      37 |   0.0 |  1012
        Lair:2 |       0 |    2589 |   0.0 |       0 |      14 |   0.0 |   757
        Lair:3 |       0 |    1955 |   0.0 |       0 |       6 |   0.0 |   478
        Lair:5 |       0 |     460 |   0.0 |       0 |       1 |   0.0 |    51
       Volcano |       0 |     862 |   0.0 |       0 |       3 |   0.0 |   208
               +---------+---------+-------+---------+---------+-------+---------
